 Dungeon Crawl Stone Soup version 0.30-a0-1016-gfb0d676c02 (webtiles) character file.

Game seed: 8703807073686560152

441 GigaChad the Shield-Bearer (level 7, -21/55 HPs)
             Began as a Formicid Fighter on Apr 6, 2023.
             Demolished by an ogre
             ... wielding a +0 giant club
              (26 damage)
             ... on level 4 of the Dungeon.
             The game lasted 00:07:07 (3355 turns).

GigaChad the Shield-Bearer (Formicid Fighter)       Turns: 3355, Time: 00:07:07

Health: -21/55     AC:  7    Str: 23    XL:     7   Next: 22%
Magic:  7/7        EV: 10    Int:  7    God:
Gold:   174        SH:  6    Dex: 13    Spells: 6/6 levels left

rFire   . . .      SeeInvis +    a - +0 war axe
rCold   . . .      Faith    .    c - +1 buckler
rNeg    . . .      Spirit   .    b - +0 scale mail
rPois   .          Reflect  .    (helmet unavailable)
rElec   .          Rampage  .    (no cloak)
rCorr   .                        (no gloves)
Will    .....                    (no boots) Stlth
                                 (no amulet)
HPRegen 0.29/turn                (no ring)
MPRegen 0.10/turn                (no ring)

@: no status effects
A: permanent stasis, dig shafts and tunnels, antennae 3, four strong arms
a: Dig, Shaft Self


You were on level 4 of the Dungeon.
You visited 1 branch of the dungeon, and saw 4 of its levels.

You collected 174 gold pieces.

Inventory:

Hand Weapons
 a - a +0 war axe (weapon)
Armour
 b - a +0 scale mail (worn)
 c - a +1 buckler (worn)
Jewellery
 h - an amulet of magic regeneration
Wands
 j - a wand of mindburst (8)
 m - a wand of digging (2)
Scrolls
 k - 3 scrolls of identify
Potions
 d - a potion of might
 e - a potion of attraction {unknown}
 f - a potion of heal wounds
 g - 2 potions of magic {unknown}
 i - 4 potions of degeneration
 l - a potion of lignification {unknown}


   Skills:
 + Level 4.3 Fighting
 + Level 5.0 Axes
 + Level 4.7 Armour
 + Level 1.5 Dodging
 + Level 0.3 Stealth
 + Level 5.1 Shields


You had 6 spell levels left.
You didn't know any spells.
Your spell library contained the following spells:

 Spells                   Type           Power      Damage    Failure   Level
 Sublimation of Blood     Necr           0%         N/A       90%         2
 Wereblood                Tmut           0%         N/A       90%         2
 Summon Guardian Golem    Hex/Summ       0%         N/A       99%         3
 Orb of Destruction       Conj           0%         9d5       100%        7
 Spellforged Servitor     Conj/Summ      0%         N/A       100%        7
 Summon Hydra             Summ           0%         N/A       100%        7


Dungeon Overview and Level Annotations

Branches:
Dungeon (4/15)
 Temple: D:4-7

Altars:
Nemelex Xobeh

Annotations:
D:4 1 transporter, GigaChad's ghost, amateur FoFi


Innate Abilities, Weirdness & Mutations

You cannot be hasted, slowed, berserked, paralysed or teleported.
You can dig through walls and to a lower floor.
You have a pair of large antennae on your head. (SInv)
Your four strong arms can wield two-handed weapons with a shield.


Message History

You block the ball python's attack. The ball python barely misses you.
A ball python is nearby!
A ball python is nearby!
You slash the ball python!
You kill the ball python!
No target in view!
You pick up a book of Dangerous Friends and begin reading...
You add the spells Summon Guardian Golem, Orb of Destruction and Spellforged Servitor to your library.
No target in view!
An ogre comes into view. It is wielding a +0 giant club.
The ogre shouts!
An ogre is nearby!
An ogre is nearby!
The ogre hits you with a +0 giant club!!
Ouch! That really hurt!
An ogre is nearby!
You are too injured to fight recklessly!
An ogre is nearby!
You are too injured to fight recklessly!
An ogre is nearby!
You are too injured to fight recklessly!
An ogre is nearby!
You are too injured to fight recklessly!
You slash the ogre!
The ogre is moderately wounded.
The ogre completely misses you.
You slash the ogre!
The ogre is severely wounded.
The ogre hits you with a +0 giant club!!
* * * LOW HITPOINT WARNING * * *
You hit the ogre.
The ogre is almost dead.
The ogre hits you with a +0 giant club.
* * * LOW HITPOINT WARNING * * *
You barely miss the ogre.
The ogre is almost dead.
You hit the ogre.
The ogre is almost dead.
The ogre hits you with a +0 giant club!!
You die...

#### #...### ###
##.......
##.#####........
###....##.@O......
#####....##............#
#........####..........#
.........# ##..........#
........## #..........#
.###....## ##.........##
####..# ##..........
##.#####.........#
#..##..........##


You could see an ogre.

Vanquished Creatures
  A black bear (D:4)
  An ogre (D:4)
  The ghost of diodin the Ruffian, an amateur DrTm (D:3)
  Natasha (thrice) (D:3)
  An orc wizard (D:4)
  An adder (D:4)
  A worm (D:3)
  3 dart slugs
  4 orcs (D:4)
  5 endoplasms
  2 giant cockroaches
  4 hobgoblins
  4 jackals
  6 kobolds
  2 quokkas
  12 ball pythons
  3 bats
  4 frilled lizards
  2 goblins
  5 rats
65 creatures vanquished.

Notes
Turn   | Place    | Note
-------+----------+-------------------------------------------
     0 | D:1      | GigaChad the Formicid Fighter began the quest for the Orb.
     0 | D:1      | Reached XP level 1. HP: 18/18 MP: 1/1
    77 | D:1      | Reached XP level 2. HP: 20/24 MP: 2/2
   551 | D:2      | Found a sparkling altar of Nemelex Xobeh.
   566 | D:2      | Reached XP level 3. HP: 30/30 MP: 3/3
  1190 | D:3      | Found a runed translucent door.
  1191 | D:3      | Noticed diodin's ghost (amateur DrTm)
  1220 | D:3      | Noticed Natasha
  1234 | D:3      | Killed Natasha
  1235 | D:3      | Reached XP level 4. HP: 14/37 MP: 4/4
  1698 | D:3      | Noticed Natasha
  1704 | D:3      | Killed Natasha
  1817 | D:3      | Found a faded altar of an unknown god.
  1980 | D:3      | Noticed Natasha
  1987 | D:3      | Killed Natasha
  1988 | D:3      | Reached XP level 5. HP: 37/42 MP: 5/5
  2007 | D:3      | Killed diodin's ghost
  2008 | D:3      | Reached XP level 6. HP: 25/48 MP: 6/6
  2561 | D:4      | Noticed a black bear
  2568 | D:4      | Killed a black bear
  2569 | D:4      | Reached skill level 1 in Dodging
  2569 | D:4      | Reached skill level 5 in Shields
  2748 | D:4      | Noticed an ogre
  2757 | D:4      | Killed an ogre
  2758 | D:4      | Reached skill level 5 in Axes
  2758 | D:4      | Reached XP level 7. HP: 13/54 MP: 7/7
  3025 | D:4      | Found a transporter.
  3028 | D:4      | Noticed GigaChad's ghost (amateur FoFi)
  3355 | D:4      | Demolished by an ogre

Illustrated notes

Levels and vault maps discovered:
D:1:      heliophobic_arrival_dark_side_of_the_moon, layout_rooms
D:2:      layout_basic, basic_altar, minmay_indecisive_spiral
D:3:      layout_basic, gammafunk_ghost_grave,
          ebering_ecumenical_altar_sacrificial, uniq_natasha
D:4:      layout_layer_cave, gammafunk_ghost_mausoleum,
          chequers_serial_rivers_marsh

Skill      XL: |  1  2  3  4  5  6 |
---------------+-------------------+-----
Axes           | 3 4 5 |  5.0
Fighting       | 4 |  4.3
Armour         | 4 |  4.7
Dodging        | 1 |  1.5
Shields        | 5 |  5.1
Stealth        | |  0.3

Action                     |  1- 3 |  4- 6 |  7- 9 || total
---------------------------+-------+-------+-------++-------
  Melee: War axe           |    84 |    70 |    29 ||   183
    Use: Scroll            |     5 |     1 |       ||     6
 Armour: Scale mail        |    35 |    29 |    11 ||    75
  Dodge: Dodged            |    48 |    28 |    16 ||    92
  Block: Buckler           |    42 |    30 |     4 ||    76

Table legend: (Time is in decaauts)
 A = Elapsed time spent in this place.
 B = Non-inter-level travel time spent in this place.
 C = Inter-level travel time spent in this place.
 D = Time resting spent in this place.
 E = Time spent auto-exploring this place.
 F = Levels seen in this place.
 G = Mean time per level.
                   A        B        C        D        E       F      G
               +--------+--------+--------+--------+--------+-----+--------+
         Total |   3421 |   3324 |     97 |    855 |   1855 |   4 |  855.2 |
       Dungeon |   3421 |   3324 |     97 |    855 |   1855 |   4 |  855.2 |
               +--------+--------+--------+--------+--------+-----+--------+

Top non-repeatable levels by time:
     D:3: 1407 daAuts
     D:4: 807 daAuts
     D:2: 681 daAuts
     D:1: 525 daAuts
